 Dungeon Sprint DCSS version 0.26-a0-663-g36e8fdb655 (webtiles) character file.

Game seed: 8599627553007906117

276 sahdkjhfkaj the Cleaver (level 6, -2/62 HPs)
             Began as a Palentonga Berserker on Oct 10, 2020.
             Was an Elder of Trog.
             Slain by a sky beast (5 damage)
             ... in the Dungeon (Sprint IX: "|||||||||||||||||||||||||||||").
             The game lasted 00:00:21 (220 turns).

sahdkjhfkaj the Cleaver (Palentonga Berserker)       Turns: 220, Time: 00:00:22

Health: -2/62      AC:  4    Str: 22    XL:     6   Next: 4%
Magic:  6/6        EV: 11    Int:  7    God:    Trog [****..]
Gold:   0          SH:  0    Dex: 10    Spells: 5/5 levels left

rFire    . . .     SeeInvis +   a - +0 hand axe
rCold    . . .     Faith    .   (no shield)
rNeg     . . .     Spirit   .   b - +0 animal skin
rPois    .         Reflect  .   (no helmet)
rElec    .         Harm     .   (no cloak)
rCorr    .         Rampage  .   (no gloves)
MR       .....     NoTele   +   (no barding)
Stlth    +.........             (no amulet)
HPRegen  0.20/turn              (no ring)
MPRegen  0.10/turn              (no ring)

@: berserk cooldown, slowed, very slow
A: large, rugged brown scales 3, see invisible, deformed body, roll, armoured
tail
a: Rolling Charge, Berserk, Trog's Hand, Brothers in Arms, Renounce Religion


You were in the Dungeon.
You worshipped Trog.
Trog was greatly pleased with you.
You visited 1 branch

Inventory:

Hand Weapons
 a - a +0 hand axe (weapon)
Armour
 b - a +0 animal skin (worn)
Jewellery
 l - a +2 ring of evasion
 m - a +3 ring of intelligence
Wands
 k - a wand of iceblast (10)
Scrolls
 h - 2 scrolls of blinking
 j - 3 scrolls of remove curse
Potions
 c - 5 potions of curing
 d - 3 potions of heal wounds
 e - a potion of haste
 f - 4 potions of magic
 g - a potion of berserk rage
 i - a potion of invisibility


   Skills:
 + Level 6.3 Fighting
 * Level 8.5 Axes
 + Level 4.9 Armour
 + Level 4.9 Dodging


You had 5 spell levels left.
You didn't know any spells.
Your spell library was empty.

Dungeon Overview and Level Annotations

Branches:
Dungeon (1/1)

Altars:
Cheibriados
Dithmenos
Elyvilon
Fedhas
Gozag
Hepliaklqana
Kikubaaqudgha
Makhleb
Nemelex Xobeh
Okawaru
Qazlal
Ru
Sif Muna
Trog
Uskayaw
Vehumet
Wu Jian
Xom
Yredelemnul
Zin
The Shining One
Beogh
Jiyva
Lugonu


Innate Abilities, Weirdness & Mutations

You are completely covered in rugged brown scales. (AC +3, +7% HP)
You have supernaturally acute eyesight. (SInv)
Armour fits poorly on your strangely shaped body.
You can roll at foes to attack.
You have a long armoured tail.


Message History

* * * LOW HITPOINT WARNING * * *
The sky beast shocks you.
* * * LOW HITPOINT WARNING * * *
You completely miss the sky beast.
The sky beast is moderately wounded.
The phantom blinks!
The sky beast hits you but does no damage.
You completely miss the sky beast.
The sky beast is moderately wounded.
The sky beast barely misses you.
The phantom blinks!
You closely miss the sky beast.
The sky beast is moderately wounded.
The sky beast hits you.
* * * LOW HITPOINT WARNING * * *
The sky beast shocks you.
* * * LOW HITPOINT WARNING * * *
The sky beast hits you.
* * * LOW HITPOINT WARNING * * *
The sky beast shocks you.
You die... ▓▓▓▓▓▓▓▓▓▓▓▓▓▓▓▓▓▓▓▓▓▓▓ _____'.?)([W§..(@YZ...+ ▓▓▓▓▓▓▓▓▓▓▓▓▓▓▓▓▓▓▓▓▓▓▓

You could see a phantom, a sky beast (invisible) and a leopard gecko skeleton.

Vanquished Creatures
  An ice beast (D)
  2 centaurs (D)
  An adder (D)
  2 ufetubi (D)
  An orc (D)
  A giant cockroach (D)
  2 goblins (D)
  A hobgoblin (D)
  2 rats (D)
13 creatures vanquished.

Notes
Turn   | Place    | Note
-------+----------+-------------------------------------------
     0 | D        | sahdkjhfkaj the Palentonga Berserker began the quest for
                  | the Orb.
     0 | D        | Reached XP level 1. HP: 20/20 MP: 1/1
    12 | D        | Reached ** piety under Trog
    23 | D        | Noticed an ice beast
    31 | D        | Reached *** piety under Trog
    31 | D        | Reached XP level 2. HP: 18/27 MP: 2/2
    33 | D        | Reached skill level 4 in Axes
    37 | D        | Killed an ice beast
    37 | D        | Reached skill level 5 in Fighting
    37 | D        | Reached skill level 6 in Axes
    37 | D        | Reached XP level 3. HP: 35/38 MP: 3/3
    37 | D        | Reached XP level 4. HP: 40/44 MP: 4/4
   158 | D        | Found a roughly hewn altar of Beogh.
   158 | D        | Found a snail-covered altar of Cheibriados.
   158 | D        | Found a shadowy altar of Dithmenos.
   158 | D        | Found a white marble altar of Elyvilon.
   158 | D        | Found a blossoming altar of Fedhas.
   158 | D        | Found an opulent altar of Gozag.
   159 | D        | Found a hazy altar of Hepliaklqana.
   160 | D        | Found a viscous altar of Jiyva.
   161 | D        | Found an ancient bone altar of Kikubaaqudgha.
   162 | D        | Found a corrupted altar of Lugonu.
   163 | D        | Found a burning altar of Makhleb.
   164 | D        | Found a sparkling altar of Nemelex Xobeh.
   165 | D        | Found an iron altar of Okawaru.
   166 | D        | Found a stormy altar of Qazlal.
   167 | D        | Found a sacrificial altar of Ru.
   168 | D        | Found a shimmering blue altar of Sif Muna.
   169 | D        | Found a bloodstained altar of Trog.
   170 | D        | Found a hide-covered altar of Uskayaw.
   171 | D        | Found a radiant altar of Vehumet.
   172 | D        | Found an ornate altar of the Wu Jian Council.
   173 | D        | Found a shimmering altar of Xom.
   174 | D        | Found a basalt altar of Yredelemnul.
   175 | D        | Found a glowing silver altar of Zin.
   176 | D        | Found a glowing golden altar of the Shining One.
   200 | D        | Noticed a centaur
   200 | D        | Noticed a phantom
   200 | D        | Noticed a centaur
   200 | D        | Noticed a sky beast
   207 | D        | Killed a centaur
   207 | D        | Reached **** piety under Trog
   207 | D        | Reached skill level 7 in Axes
   207 | D        | Reached XP level 5. HP: 38/53 MP: 5/5
   211 | D        | Killed a centaur
   211 | D        | Reached skill level 8 in Axes
   211 | D        | Reached XP level 6. HP: 28/60 MP: 6/6
   220 | D        | HP: 3/62 [sky beast (1)]
   220 | D        | Slain by a sky beast

Illustrated notes

Levels and vault maps discovered:
D:        linesprint [early_d, line_temple, items_1, d_10, items_2, lair_1,
          lair_end, items_3, orc_1, orc_end, items_4, d_15, swamp_1, shoals_1,
          snake_1, spider_1, d_20, vaults_1, items_5, swamp_end, shoals_end,
          snake_end, spider_end, vaults_end, d_27, items_6, zot_1, zot_end,
          crypt_end, forest_end, elf_end, slime_end, tomb_end, abyss_end,
          pan_hell_end]

Skill      XL: |  1  2  3  4  5 |
---------------+----------------+-----
Armour         | 2 3 4 |  4.9
Dodging        | 2 3 4 |  4.9
Axes           | 6 7 8 |  8.5
Fighting       | 5 6 |  6.3

Action                   |  1- 3 |  4- 6 || total
-------------------------+-------+-------++-------
Melee: Hand axe          |    26 |    15 ||    41
       Tailslap          |     2 |     2 ||     4
Invok: Berserk           |     1 |     1 ||     2
Armor: Animal skin       |     4 |     6 ||    10
Dodge: Dodged            |    11 |     4 ||    15

Table legend: (Time is in decaauts)
 A = Elapsed time spent in this place.
 B = Non-inter-level travel time spent in this place.
 C = Inter-level travel time spent in this place.
 D = Time resting spent in this place.
 E = Time spent auto-exploring this place.
 F = Levels seen in this place.
 G = Mean time per level.
                   A        B        C        D        E       F      G
               +--------+--------+--------+--------+--------+-----+--------+
         Total |    223 |    223 |      0 |     35 |    124 |   1 |  223.0 |
       Dungeon |    223 |    223 |      0 |     35 |    124 |   1 |  223.0 |
               +--------+--------+--------+--------+--------+-----+--------+

Top non-repeatable levels by time:
       D: 223 daAuts
